[Event "PanAm Intercolleagiate-ch 2019"]
[Site "Charlotte"]
[Date "2019.12.30"]
[Round "5.10"]
[White "Stremavicius, Titas"]
[Black "Stukopin, Andrey"]
[Result "1-0"]
[ECO "A03"]
[WhiteElo "2519"]
[BlackElo "2578"]
[Annotator "RC"]
[PlyCount "83"]
[EventDate "2019.12.27"]
[EventType "team-tourn"]
[EventCountry "USA"]
[SourceTitle "playchess.com"]
[Source "ChessBase"]
[SourceQuality "1"]
[TimeControl "5400+30"]

1. f4 Nf6 2. Nf3 d5 3. g3 c5 4. Bg2 Nc6 5. O-O g6 6. d3 Bg7 7. c3 O-O 8. a4 Bd7 9. Na3 Qc8 10. Ne5 Bh3 11. Nxc6 bxc6 12. Qe1 Re8 13. e4 c4 14. e5 Bxg2 15. Kxg2 cxd3 16. exf6 exf6 17. Be3 c5 18. Qd2 Qc6 19. Kg1 c4 20. Nb5 f5 21. Rfe1 a6 22. Nd4 Qd7 23. b4 Re4 24. b5 axb5 25. axb5 Rb8 26. b6 Bf8 27. Ra7 Qe8 28. Nf3 f6 29. Kf1 Qb5 30. Qa2 Rbe8 31. Bf2 Rxe1+ 32. Nxe1 Bc5 33. Bxc5 Qxc5 34. Ra8 Qc6 35. b7 Kg7 36. b8=Q Rxb8 37. Rxb8 d4 38. Qa7+ Kh6 39. Qxd4 Qh1+ 40. Kf2 Qxh2+ 41. Ng2 Qh5 42. Re8 1-0

[Event "PanAm Intercolleagiate-ch 2019"]
[Site "Charlotte"]
[Date "2019.12.30"]
[Round "6.1"]
[White "Preotu, Razvan"]
[Black "Baryshpolets, Andrey"]
[Result "0-1"]
[ECO "B22"]
[WhiteElo "2487"]
[BlackElo "2564"]
[Annotator "ChessBase"]
[PlyCount "136"]
[EventDate "2019.12.27"]
[EventType "team-tourn"]
[EventCountry "USA"]
[SourceTitle "playchess.com"]
[Source "ChessBase"]
[SourceQuality "1"]
[TimeControl "5400+30"]

1. e4 c5 2. Nf3 e6 3. c3 Nf6 4. e5 Nd5 5. d4 cxd4 6. cxd4 d6 7. Bd3 dxe5 8. dxe5 Nb4 9. Be4 Qxd1+ 10. Kxd1 Nd7 11. Bd2 Nc5 12. Bxb4 Nxe4 13. Bxf8 Rxf8 14. Ke2 Ke7 15. Rc1 Bd7 16. Ke3 f5 17. Nbd2 Nxd2 18. Nxd2 f4+ 19. Kd4 Bc6 20. Nc4 Rad8+ 21. Nd6 g5 22. Rc2 g4 23. g3 h5 24. a4 h4 25. a5 a6 26. Kc5 fxg3 27. fxg3 h3 28. Rc4 Rf2 29. Rxg4 Rc2+ 30. Kd4 Rxh2 31. Rg7+ Kf8 32. Rg5 Ke7 33. Rg7+ Kf8 34. Rg5 Ke7 35. Ke3 Rxd6 36. exd6+ Kxd6 37. Rh5 Rxb2 38. Rxh3 Rb3+ 39. Kf4 e5+ 40. Kg5 e4 41. Rh6+ Ke5 42. g4 e3 43. Rh7 Ke4 44. Re7+ Kf3 45. Rf7+ Kg3 46. Rff1 Rb5+ 47. Kf6 Kxg4 48. Rae1 Bg2 49. Rg1 Kf3 50. Rxg2 Kxg2 51. Rxe3 Rxa5 52. Rb3 b5 53. Ke5 Ra4 54. Kd5 b4 55. Kc4 a5 56. Re3 Ra1 57. Rd3 Kf2 58. Rh3 Ke2 59. Rh2+ Ke3 60. Rh3+ Kd2 61. Rh2+ Kc1 62. Rg2 Kb1 63. Rh2 Ra2 64. Rh1+ Kb2 65. Rh3 Ra1 66. Rb3+ Ka2 67. Rh3 Rc1+ 68. Kb5 b3 0-1

[Event "PanAm Intercolleagiate-ch 2019"]
[Site "Charlotte"]
[Date "2019.12.30"]
[Round "6.2"]
[White "Shtembuliak, Evgeny"]
[Black "Stremavicius, Titas"]
[Result "1-0"]
[ECO "D35"]
[WhiteElo "2600"]
[BlackElo "2519"]
[Annotator "ChessBase"]
[PlyCount "67"]
[EventDate "2019.12.27"]
[EventType "team-tourn"]
[EventCountry "USA"]
[SourceTitle "playchess.com"]
[Source "ChessBase"]
[SourceQuality "1"]
[TimeControl "5400+30"]

1. c4 e6 2. Nc3 d5 3. d4 Nf6 4. cxd5 exd5 5. Bg5 Nbd7 6. e3 Be7 7. Bd3 c6 8. Nge2 h6 9. Bh4 Nh5 10. Bxe7 Qxe7 11. Qd2 Nb6 12. O-O O-O 13. f3 Nf6 14. Rae1 Be6 15. b3 Rad8 16. e4 dxe4 17. fxe4 Bg4 18. e5 Nfd5 19. Bb1 c5 20. Ne4 Bxe2 21. Rxe2 cxd4 22. Nf6+ Kh8 23. Re4 d3 24. b4 Nxf6 25. Rxf6 Kg8 26. Bxd3 Rxd3 27. Qxd3 gxf6 28. Rg4+ Kh8 29. Qe3 Kh7 30. Rh4 Kg6 31. Rxh6+ Kg7 32. exf6+ Qxf6 33. Rxf6 Kxf6 34. Qf3+ 1-0

[Event "PanAm Intercolleagiate-ch 2019"]
[Site "Charlotte"]
[Date "2019.12.30"]
[Round "6.3"]
[White "Reshef, Omer"]
[Black "Vorontsov, Pavlo"]
[Result "1-0"]
[ECO "B06"]
[WhiteElo "2458"]
[BlackElo "2539"]
[Annotator "ChessBase"]
[PlyCount "65"]
[EventDate "2019.12.27"]
[EventType "team-tourn"]
[EventCountry "USA"]
[SourceTitle "playchess.com"]
[Source "ChessBase"]
[SourceQuality "1"]
[TimeControl "5400+30"]

1. e4 g6 2. d4 Bg7 3. Nc3 d6 4. Nf3 a6 5. h3 b5 6. Bd3 Nd7 7. a4 b4 8. Ne2 Bb7 9. O-O Ngf6 10. Ng3 c5 11. c3 bxc3 12. bxc3 O-O 13. a5 Qc7 14. Bg5 h6 15. Be3 d5 16. e5 Ne4 17. Ne2 Rfc8 18. Nh2 f6 19. Rb1 e6 20. Bxe4 dxe4 21. Nf4 Nf8 22. exf6 Bxf6 23. Ng4 Bg5 24. Nxe6 Nxe6 25. Qb3 Qd6 26. Qxb7 cxd4 27. Bxg5 Nxg5 28. Rb6 Rcb8 29. Qxa8 Qxb6 30. axb6 Rxa8 31. Nf6+ Kf7 32. Nd7 Ke6 33. b7 1-0

[Event "PanAm Intercolleagiate-ch 2019"]
[Site "Charlotte"]
[Date "2019.12.30"]
[Round "6.5"]
[White "Swiercz, Dariusz"]
[Black "Bruzon Batista, Lazaro"]
[Result "1/2-1/2"]
[ECO "E35"]
[WhiteElo "2659"]
[BlackElo "2640"]
[Annotator "ChessBase"]
[PlyCount "154"]
[EventDate "2019.12.27"]
[EventType "team-tourn"]
[EventCountry "USA"]
[SourceTitle "playchess.com"]
[Source "ChessBase"]
[SourceQuality "1"]
[TimeControl "5400+30"]

1. d4 Nf6 2. c4 e6 3. Nc3 Bb4 4. Qc2 d5 5. cxd5 exd5 6. Bg5 h6 7. Bh4 O-O 8. e3 c5 9. dxc5 Be6 10. a3 Bxc3+ 11. Qxc3 g5 12. Bg3 Ne4 13. Qc2 Nd7 14. f3 Nexc5 15. Ne2 Rc8 16. Qd1 Bf5 17. Nd4 Bg6 18. b4 Ne6 19. Nxe6 fxe6 20. Bd3 Bxd3 21. Qxd3 Qf6 22. O-O Rc3 23. Qb5 Nb6 24. Bd6 Rd8 25. Bc5 e5 26. Rfe1 Qc6 27. a4 Rd7 28. Qxc6 bxc6 29. Bxb6 axb6 30. Rec1 Rxc1+ 31. Rxc1 Rc7 32. b5 c5 33. a5 bxa5 34. b6 Rb7 35. Rxc5 Rxb6 36. Rxa5 Rd6 37. e4 dxe4 38. fxe4 Re6 39. Ra7 h5 40. h3 Rb6 41. Ra5 Re6 42. Kf2 Kg7 43. Ke3 Kf6 44. Ra1 Rb6 45. Rf1+ Kg6 46. Rf5 Rb3+ 47. Kf2 Rb2+ 48. Kf3 Rb3+ 49. Kf2 Rb2+ 50. Kg1 Rb1+ 51. Kh2 Rb5 52. h4 gxh4 53. Kh3 Rb2 54. Rxe5 Re2 55. Re8 Kf7 56. Rh8 Rxe4 57. Rxh5 Kg6 58. Rxh4 Re3+ 59. g3 Ra3 60. Rb4 Kg5 61. Rb5+ Kg6 62. Kh4 Ra4+ 63. g4 Ra6 64. Rc5 Rb6 65. Ra5 Rc6 66. Rg5+ Kh6 67. Rg8 Kh7 68. Rf8 Kg6 69. Rg8+ Kh7 70. Ra8 Kg6 71. Ra4 Rb6 72. Re4 Ra6 73. g5 Rb6 74. Kg4 Ra6 75. Rf4 Rb6 76. Rf6+ Rxf6 77. gxf6 Kxf6 1/2-1/2

[Event "PanAm Intercolleagiate-ch 2019"]
[Site "Charlotte"]
[Date "2019.12.30"]
[Round "6.6"]
[White "Lenderman, Aleksandr"]
[Black "Ipatov, Alexander"]
[Result "0-1"]
[ECO "E08"]
[WhiteElo "2638"]
[BlackElo "2631"]
[Annotator "ChessBase"]
[PlyCount "128"]
[EventDate "2019.12.27"]
[EventType "team-tourn"]
[EventCountry "USA"]
[SourceTitle "playchess.com"]
[Source "ChessBase"]
[SourceQuality "1"]
[TimeControl "5400+30"]

1. d4 Nf6 2. c4 e6 3. Nf3 d5 4. g3 Bb4+ 5. Bd2 Be7 6. Bg2 O-O 7. O-O Nbd7 8. Qc2 c6 9. Bf4 Ne4 10. h4 h6 11. Nc3 g5 12. hxg5 hxg5 13. Be3 Nd6 14. cxd5 exd5 15. Rad1 Nb6 16. b3 Bf5 17. Qc1 f6 18. Nh2 Qd7 19. f3 Rae8 20. Bf2 Bd8 21. Rfe1 Qh7 22. g4 Bg6 23. Bg3 Nbc8 24. e3 f5 25. Ne2 Ba5 26. Nc3 Bd8 27. Ne2 fxg4 28. Nxg4 Nf5 29. Be5 Nh4 30. Rf1 Ne7 31. Bh1 Nef5 32. Rf2 Nh6 33. Nxh6+ Qxh6 34. Rdf1 Rf7 35. Ng3 Bd3 36. Rd1 Bg6 37. Rdf1 Rh7 38. Qd2 Nf5 39. Rh2 Qxh2+ 40. Qxh2 Rxh2 41. Kxh2 Nxe3 42. Rf2 Bb6 43. Re2 Nc2 44. Rd2 Kf7 45. Bg2 Ba5 46. Rf2 Be1 47. Rf1 Bd2 48. Ne2 Nxd4 49. Bxd4 Rxe2 50. Rf2 Bf4+ 51. Kh1 Rxf2 52. Bxf2 b6 53. b4 Ke6 54. Bf1 Kd6 55. Kg2 c5 56. bxc5+ bxc5 57. Bb5 d4 58. Bc4 Bf5 59. a3 Be6 60. Ba6 Bd5 61. Bc8 d3 62. Bf5 d2 63. Bc2 g4 64. Kf1 Bxf3 0-1

[Event "PanAm Intercolleagiate-ch 2019"]
[Site "Charlotte"]
[Date "2019.12.30"]
[Round "6.7"]
[White "Theodorou, Nikolas"]
[Black "Nyzhnyk, Illya"]
[Result "1/2-1/2"]
[ECO "A53"]
[WhiteElo "2555"]
[BlackElo "2660"]
[Annotator "ChessBase"]
[PlyCount "80"]
[EventDate "2019.12.27"]
[EventType "team-tourn"]
[EventCountry "USA"]
[SourceTitle "playchess.com"]
[Source "ChessBase"]
[SourceQuality "1"]
[TimeControl "5400+30"]

1. d4 d6 2. Nf3 Bg4 3. c4 Nd7 4. e3 Ngf6 5. Be2 c6 6. Nc3 e5 7. h3 Bh5 8. O-O Be7 9. Nh4 Bxe2 10. Qxe2 O-O 11. Nf5 Re8 12. dxe5 dxe5 13. Rd1 g6 14. Nxe7+ Qxe7 15. b3 Rad8 16. Bb2 Nf8 17. Qc2 Ne6 18. Ne2 Nd7 19. Rd2 f6 20. Rad1 Ndf8 21. Ng3 Rxd2 22. Rxd2 Rd8 23. Rxd8 Nxd8 24. h4 Nd7 25. Qd2 Nc5 26. b4 Qd7 27. Qe2 Nce6 28. h5 Nf7 29. Ne4 Qe7 30. a3 Nd6 31. Nd2 b6 32. hxg6 hxg6 33. f4 exf4 34. exf4 Kf7 35. g3 Nf5 36. Ne4 Nfd4 37. Bxd4 Nxd4 38. Qd3 c5 39. bxc5 bxc5 40. Kf2 f5 1/2-1/2

[Event "PanAm Intercolleagiate-ch 2019"]
[Site "Charlotte"]
[Date "2019.12.30"]
[Round "6.8"]
[White "Hakobyan, Aram"]
[Black "Bok, Benjamin"]
[Result "1/2-1/2"]
[ECO "D38"]
[WhiteElo "2576"]
[BlackElo "2636"]
[Annotator "ChessBase"]
[PlyCount "35"]
[EventDate "2019.12.27"]
[EventType "team-tourn"]
[EventCountry "USA"]
[SourceTitle "playchess.com"]
[Source "ChessBase"]
[SourceQuality "1"]
[TimeControl "5400+30"]

1. d4 Nf6 2. c4 e6 3. Nf3 d5 4. Nc3 Bb4 5. Bg5 h6 6. Bxf6 Qxf6 7. e3 O-O 8. Rc1 dxc4 9. Bxc4 c5 10. O-O cxd4 11. Ne4 Qe7 12. a3 Ba5 13. Qxd4 Rd8 14. Qe5 Bb6 15. Rfd1 Nc6 16. Qh5 Bd7 17. g4 Na5 18. Bb5 1/2-1/2

[Event "PanAm Intercolleagiate-ch 2019"]
[Site "Charlotte"]
[Date "2019.12.30"]
[Round "6.9"]
[White "Oparin, Grigoriy"]
[Black "Prohaszka, Peter"]
[Result "1/2-1/2"]
[ECO "A13"]
[WhiteElo "2650"]
[BlackElo "2595"]
[Annotator "ChessBase"]
[PlyCount "57"]
[EventDate "2019.12.27"]
[EventType "team-tourn"]
[EventCountry "USA"]
[SourceTitle "playchess.com"]
[Source "ChessBase"]
[SourceQuality "1"]
[TimeControl "5400+30"]

1. Nf3 d5 2. c4 e6 3. g3 Nf6 4. Bg2 dxc4 5. Qa4+ Bd7 6. Qxc4 c5 7. Ne5 Qc8 8. Qd3 Nc6 9. Nxd7 Nxd7 10. b3 Be7 11. Bb2 O-O 12. Nc3 Rd8 13. Rd1 Nf6 14. Qb1 Qc7 15. O-O Rac8 16. d3 a6 17. Rd2 b5 18. Rfd1 Nd5 19. Ne4 h6 20. e3 Qb6 21. h4 Na7 22. Rc1 Bf8 23. Ba1 b4 24. d4 cxd4 25. Bxd4 Qb8 26. Rdc2 Rxc2 27. Qxc2 Rc8 28. Qd2 Nb5 29. Rc4 1/2-1/2

[Event "PanAm Intercolleagiate-ch 2019"]
[Site "Charlotte"]
[Date "2019.12.30"]
[Round "6.11"]
[White "Repka, Christopher"]
[Black "Krykun, Yuriy"]
[Result "1/2-1/2"]
[ECO "E18"]
[WhiteElo "2485"]
[BlackElo "2352"]
[Annotator "ChessBase"]
[PlyCount "89"]
[EventDate "2019.12.27"]
[EventType "team-tourn"]
[EventCountry "USA"]
[SourceTitle "playchess.com"]
[Source "ChessBase"]
[SourceQuality "1"]
[TimeControl "5400+30"]

1. d4 Nf6 2. Nf3 e6 3. c4 b6 4. g3 Bb7 5. Bg2 Be7 6. O-O O-O 7. Nc3 Ne4 8. Bd2 d6 9. d5 Nxd2 10. Qxd2 e5 11. e4 Nd7 12. Ne1 Bg5 13. Qe2 Bh6 14. Nd3 Nc5 15. Nxc5 bxc5 16. a4 Bc8 17. a5 Rb8 18. Rfb1 Qg5 19. a6 Bd7 20. Nb5 Bxb5 21. cxb5 Qd2 22. Bf1 f5 23. exf5 Rxf5 24. Rd1 Qb4 25. Bh3 Rf6 26. Bd7 Rbf8 27. Rf1 g6 28. Qc2 Rf3 29. Ra4 Qb3 30. Rc4 Kg7 31. Kg2 Qxc2 32. Rxc2 Rb3 33. Re1 Rf7 34. Bc6 Rff3 35. Re4 Rf7 36. Be8 Rf8 37. Bc6 Rf7 38. Re1 Bg5 39. Be8 Rf8 40. Bc6 h5 41. Re4 Bh6 42. h4 Rf6 43. Rce2 Bc1 44. Re1 Rxb2 45. Rxc1 1/2-1/2

[Event "PanAm Intercolleagiate-ch 2019"]
[Site "Charlotte"]
[Date "2019.12.30"]
[Round "6.12"]
[White "Grabinsky, Aaron"]
[Black "Tokhirjonova, Gulrukhbegim"]
[Result "1-0"]
[ECO "A06"]
[WhiteElo "2349"]
[BlackElo "2421"]
[Annotator "NA"]
[PlyCount "163"]
[EventDate "2019.12.27"]
[EventType "team-tourn"]
[EventCountry "USA"]
[SourceTitle "playchess.com"]
[Source "ChessBase"]
[SourceQuality "1"]
[TimeControl "5400+30"]

1. b3 d5 2. Bb2 Nf6 3. e3 Bf5 4. Nf3 h6 5. d4 e6 6. Be2 Nbd7 7. O-O Be7 8. c4 O-O 9. c5 c6 10. Nc3 b6 11. b4 Qc7 12. Bd3 Bxd3 13. Qxd3 a5 14. a3 Rfb8 15. Qc2 Rb7 16. Rfb1 Rab8 17. h3 Nh7 18. Ne2 Ng5 19. Nxg5 hxg5 20. Bc3 Qc8 21. Rc1 Ra7 22. Be1 Qa6 23. Qd1 Rab7 24. Nc3 bxc5 25. bxc5 Bf6 26. g3 Rb3 27. Qe2 Qa7 28. Na4 e5 29. Bc3 Rxc3 30. Nxc3 exd4 31. exd4 Bxd4 32. Rab1 Rxb1 33. Nxb1 Nxc5 34. Nd2 Qc7 35. Kg2 Ne6 36. Qa6 Nc5 37. Qe2 Ne6 38. Nf3 Bf6 39. Qa6 c5 40. Qa8+ Qd8 41. Qxd8+ Bxd8 42. Rd1 d4 43. Ne5 Kf8 44. Kf3 Ke7 45. Ke4 Bc7 46. Nc4 Kd7 47. Kd5 g6 48. Rb1 Bd8 49. Rb7+ Bc7 50. Ra7 Kc8 51. Kc6 Nd8+ 52. Kxc5 Kb8 53. Ra6 Ne6+ 54. Kd5 d3 55. Rc6 Kb7 56. Nd6+ Ka7 57. Nb5+ Kb7 58. Rc3 Bb6 59. Rxd3 Ka6 60. Nd6 Nc5 61. Rc3 Na4 62. Rc6 Ka7 63. f3 Bf2 64. g4 Nb6+ 65. Ke4 f6 66. Nb5+ Ka6 67. Nc3 Kb7 68. Rxf6 Nc4 69. Rxg6 Nxa3 70. Kd3 Bh4 71. Re6 Bg3 72. Re2 Kc6 73. Ne4 Bf4 74. Ra2 Bc1 75. Nc3 Nb5 76. Rxa5 Nxc3 77. Kxc3 Kd6 78. Kd4 Ke6 79. Ra6+ Kf7 80. Ke5 Kg7 81. Kf5 Kh7 82. Rg6 1-0

[Event "PanAm Intercolleagiate-ch 2019"]
[Site "Charlotte"]
[Date "2019.12.30"]
[Round "6.13"]
[White "Quesada Perez, Yuniesky"]
[Black "Bajarani, Ulvi"]
[Result "1-0"]
[ECO "C15"]
[WhiteElo "2601"]
[BlackElo "2468"]
[Annotator "ChessBase"]
[PlyCount "101"]
[EventDate "2019.12.27"]
[EventType "team-tourn"]
[EventCountry "USA"]
[SourceTitle "playchess.com"]
[Source "ChessBase"]
[SourceQuality "1"]
[TimeControl "5400+30"]

1. e4 e6 2. d4 d5 3. Nc3 Bb4 4. Nge2 Nf6 5. e5 Nfd7 6. f4 O-O 7. a3 Be7 8. Be3 c5 9. dxc5 Nxc5 10. Qd2 Nc6 11. Nd4 Bd7 12. Be2 a5 13. O-O a4 14. Kh1 b6 15. Rad1 Qb8 16. Qe1 Nxd4 17. Bxd4 Bc6 18. Qf2 Qb7 19. Qe3 Rab8 20. Qh3 Ne4 21. Nxe4 dxe4 22. Qe3 Rfd8 23. c3 h6 24. Bc4 Bd5 25. Bxd5 Qxd5 26. Rfe1 Qb3 27. Rd2 Bc5 28. Qxe4 b5 29. Ree2 Qc4 30. h3 Bxd4 31. cxd4 b4 32. Kh2 bxa3 33. bxa3 Rb3 34. d5 Qc3 35. d6 Rxa3 36. Rd1 Qb3 37. Rc2 g6 38. Rdc1 Qg3+ 39. Kh1 g5 40. fxg5 hxg5 41. Rf1 Qd3 42. Qxd3 Rxd3 43. Rc7 Rf8 44. Ra7 Re3 45. Ra5 Kg7 46. Ra1 Rb8 47. R1xa4 f5 48. Ra8 Rb1+ 49. Kh2 f4 50. R4a7+ Kh6 51. Rf8 1-0

[Event "PanAm Intercolleagiate-ch 2019"]
[Site "Charlotte"]
[Date "2019.12.30"]
[Round "6.14"]
[White "Hevia Alejano, Carlos Antonio"]
[Black "Gledura, Benjamin"]
[Result "1-0"]
[ECO "A37"]
[WhiteElo "2465"]
[BlackElo "2626"]
[Annotator "ChessBase"]
[PlyCount "67"]
[EventDate "2019.12.27"]
[EventType "team-tourn"]
[EventCountry "USA"]
[SourceTitle "playchess.com"]
[Source "ChessBase"]
[SourceQuality "1"]
[TimeControl "5400+30"]

1. c4 g6 2. Nc3 c5 3. Nf3 Bg7 4. g3 Nc6 5. Bg2 d6 6. O-O e6 7. d3 Nge7 8. Bd2 b6 9. Qc1 h6 10. Rb1 Bb7 11. a3 g5 12. b4 Qd7 13. Nb5 Ng6 14. Bc3 e5 15. Nd2 f5 16. Bd5 Nd8 17. a4 h5 18. bxc5 dxc5 19. Bxb7 Nxb7 20. Nf3 f4 21. Nxg5 Bh6 22. Bxe5 Nxe5 23. Qxf4 Qe7 24. Qe4 Bxg5 25. f4 Ng4 26. Qc6+ Kf7 27. fxg5+ Kg7 28. Nc7 Rhc8 29. Ne6+ Kh8 30. Qd5 Re8 31. g6 Nd6 32. Qxh5+ Kg8 33. Rf7 Nf6 34. Rxf6 1-0

[Event "PanAm Intercolleagiate-ch 2019"]
[Site "Charlotte"]
[Date "2019.12.30"]
[Round "6.16"]
[White "Kambrath, Yannick"]
[Black "Burke, John M"]
[Result "1-0"]
[ECO "A28"]
[WhiteElo "2371"]
[BlackElo "2551"]
[Annotator "ChessBase"]
[PlyCount "61"]
[EventDate "2019.12.27"]
[EventType "team-tourn"]
[EventCountry "USA"]
[SourceTitle "playchess.com"]
[Source "ChessBase"]
[SourceQuality "1"]
[TimeControl "5400+30"]

1. c4 e5 2. Nc3 Nf6 3. Nf3 Nc6 4. e3 Bb4 5. Qc2 Bxc3 6. bxc3 d6 7. d3 O-O 8. Be2 b6 9. O-O Bb7 10. e4 Nd7 11. Bg5 f6 12. Be3 f5 13. exf5 Rxf5 14. d4 Qf8 15. d5 Na5 16. Ng5 g6 17. Ne6 Qe7 18. f4 Nf8 19. g4 Rf7 20. f5 gxf5 21. Bg5 Qd7 22. gxf5 b5 23. Rf3 Nxc4 24. Rg3 Bxd5 25. Nxf8 Kxf8 26. Bh6+ Ke7 27. f6+ Rxf6 28. Qxh7+ Kd8 29. Qh8+ Ke7 30. Qg7+ Bf7 31. Bg5 1-0